 Dungeon Crawl Stone Soup version 0.28.0-56-g4927b6849a (webtiles) character file.

Game seed: 8270057615341377744

1822 AarnesTheHuman the Cleaver (level 9, 0/81 HPs)
             Began as a Hill Orc Fighter on Feb 3, 2023.
             Was a Follower of Beogh.
             Succumbed to a kobold brigand's curare-tipped dart
             ... on level 6 of the Dungeon.
             The game lasted 00:17:05 (7565 turns).

AarnesTheHuman the Cleaver (Hill Orc Fighter)       Turns: 7565, Time: 00:17:06

Health: 0/81       AC: 18    Str: 23    XL:     9   Next: 10%
Magic:  12/12      EV: 10    Int:  8    God:    Beogh [*.....]
Gold:   1322       SH:  5    Dex: 10    Spells: 8/8 levels left

rFire   . . .      SeeInvis .   e - +0 war axe
rCold   . . .      Faith    .   c - +0 buckler
rNeg    + . .      Spirit   .   w - +0 plate armour
rPois   .          Reflect  .   q - +2 helmet
rElec   .          Harm     .   (no cloak)
rCorr   .          Rampage  .   (no gloves)
Will    .....                   k - +2 pair of boots
Stlth   ..........              (no amulet)
HPRegen 0.23/turn               v - ring of positive energy
MPRegen 0.13/turn               z - +4 ring of evasion

@: lethally poisoned (0 -> -7), slowed, very slow
A: no striking features
a: Renounce Religion


You were on level 6 of the Dungeon.
You worshipped Beogh.
Beogh was aware of your devotion.
You visited 1 branch of the dungeon, and saw 7 of its levels.

You collected 1322 gold pieces.

Inventory:

Hand Weapons
 a - a +5 dagger of protection
 b - a +0 hunting sling
 e - a +0 war axe (weapon)
 o - a +0 dagger
Missiles
 h - 147 stones (quivered)
 y - 3 throwing nets
Armour
 c - a +0 buckler (worn)
 k - a +2 pair of boots (worn)
 p - a +0 scale mail
 q - a +2 helmet (worn)
 w - a +0 plate armour (worn)
Jewellery
 v - a ring of positive energy (left hand)
 z - a +4 ring of evasion (right hand)
Scrolls
 j - 5 scrolls of teleportation
 n - a scroll of immolation
Potions
 d - a potion of might
 f - a potion of curing
 g - a potion of magic
 i - 3 potions of flight
 l - 4 potions of heal wounds
 t - a potion of haste {unknown}
 A - a potion of resistance {unknown}
 C - a potion of mutation {unknown}


   Skills:
 - Level 8.0 Fighting
 + Level 10.6 Axes
 - Level 5.0 Armour
 - Level 5.0 Shields
 - Level 4.0 Invocations


You had 8 spell levels left.
You didn't know any spells.
Your spell library contained the following spells:

 Spells                   Type           Power      Damage    Failure   Level
 Animate Skeleton         Necr           0%         N/A       100%        1
 Pain                     Necr           0%         1d4       100%        1
 Summon Small Mammal      Summ           0%         N/A       100%        1
 Ensorcelled Hibernation  Hex/Ice        0%         N/A       100%        2
 Passwall                 Tmut/Erth      0%         N/A       100%        2
 Call Canine Familiar     Summ           0%         N/A       100%        3
 Summon Guardian Golem    Hex/Summ       0%         N/A       100%        3
 Swiftness                Air            0%         N/A       100%        3
 Vampiric Draining        Necr           0%         2d6       100%        3


Dungeon Overview and Level Annotations

Branches:
Dungeon (7/15)
 Temple: D:4-7

Altars:
Uskayaw

Annotations:
D:2 1 runed translucent door, exclusion: door, Crazy Yiuf
D:3 Grinder
D:4 exclusions: downstairs and upstairs


Message History

The kobold barely misses you.
Okay, then.
Unknown command.
Press: ? - help, v - describe, . - travel
Here: a kobold, wielding a +3 dagger of protection The floor.
Unknown command.
Unknown command.
You aren't carrying any items that you can evoke.
Unknown command.
Okay, then.
Unknown command.
As you read the scroll of fear, it crumbles to dust.
You assume a fearsome visage.
The kobold looks frightened! x3; You feel sick.
You are no longer poisoned.
The kobold brigand throws a curare-tipped dart.
The curare-tipped dart hits you.
You are poisoned.
You have difficulty breathing.
* * * LOW HITPOINT WARNING * * *
You feel as though you will be slow longer.
You feel better.
The kobold brigand throws a curare-tipped dart.
The curare-tipped dart barely misses you.
Really read the scroll of immolation?
Okay, then.
Unknown command.
Blink to where?
Press: ? - help, Dir - move target
As you read the scroll of blinking, it crumbles to dust.
The kobold brigand throws a curare-tipped dart.
The curare-tipped dart hits you.
You are poisoned.
You have difficulty breathing.
* * * LOW HITPOINT WARNING * * *
You feel as though you will be slow longer.
* * * LOW HITPOINT WARNING * * *
You feel very sick.
You climb upwards.
You die...

##.....## #.......# #### ###
#.......# ####..# ..# #.......#
#....## #.######.....## #.##.#
#.##..........# ####.#..#####
..............# ###....#.......
..............#####...####.......
...............)@[...............
................[................
..................##.#####.......
.....................####........
.................................
.###)....##......##...####...####
.###................#......###
.#.......#####...###......#######
...#.....####....###.####.......#


There were no monsters in sight!

Vanquished Creatures
  Prince Ribbit (D:7)
  A water moccasin (D:7)
  An ice beast (D:6)
  An orc warrior (D:6)
  A sky beast (D:5)
  A necrophage (D:4)
  4 ogres
  A centaur (D:7)
  A phantom (D:4)
  A bullfrog (D:7)
  A scorpion (D:4)
  A howler monkey (D:4)
  2 bullfrog zombies
  2 jellies
  3 hounds
  An orc priest (D:7)
  2 centaur skeletons
  Jessica (D:2)
  Robin (D:2)
  4 gnolls
  4 adders
  2 white imps
  An adder zombie (D:5)
  3 worms
  2 dart slugs
  7 orcs
  4 endoplasms
  A giant cockroach (D:1)
  9 goblins
  9 hobgoblins
  3 jackals
  5 quokkas
  8 ball pythons
  6 bats
  3 frilled lizards
  3 kobolds
  4 rats
  A spectral hobgoblin (D:1)
106 creatures vanquished.

Vanquished Creatures (others)
  An orc wizard (D:3)
  An orc (D:3)
2 creatures vanquished.

Grand Total: 108 creatures vanquished

Notes
Turn   | Place    | Note
-------+----------+-------------------------------------------
     0 | D:1      | AarnesTheHuman the Hill Orc Fighter began the quest for the
                  | Orb.
     0 | D:1      | Reached XP level 1. HP: 19/19 MP: 1/1
   106 | D:1      | Reached skill level 3 in Axes
   137 | D:1      | Reached XP level 2. HP: 23/26 MP: 2/2
   742 | D:1      | Found a faded altar of an unknown god.
   932 | D:1      | Reached XP level 3. HP: 31/31 MP: 3/3
  1047 | D:2      | Noticed Jessica
  1053 | D:2      | Killed Jessica
  1054 | D:2      | Reached skill level 4 in Axes
  1171 | D:2      | Noticed Robin
  1195 | D:2      | Reached XP level 4. HP: 35/39 MP: 4/4
  1232 | D:1      | Reached skill level 5 in Axes
  1345 | D:2      | Killed Robin
  1570 | D:2      | Found a runed translucent door.
  1571 | D:2      | Noticed Crazy Yiuf
  2387 | D:3      | Became a worshipper of Beogh the Brigand
  2496 | D:3      | Noticed Grinder
  2496 | D:3      | Paralysed by Grinder for 7 turns
  2549 | D:3      | Reached skill level 6 in Axes
  2549 | D:3      | Reached XP level 5. HP: 37/46 MP: 5/5
  2553 | D:3      | Paralysed by Grinder for 2 turns
  2831 | D:4      | Noticed a +0 dagger
  2831 | D:4      | Noticed a +0 dagger
  2831 | D:4      | Noticed a +0 spear
  2832 | D:4      | Noticed a +0 short sword
  2832 | D:4      | Noticed a +0 spear
  2852 | D:4      | Noticed a +0 short sword
  2853 | D:4      | Noticed a +0 falchion
  2869 | D:4      | Noticed an ogre
  2872 | D:4      | Noticed a +0 falchion
  2907 | D:4      | Identified the +1 robe "Xeikki" {+Blink rPois Will-}
  3103 | D:4      | Killed an ogre
  3104 | D:4      | Reached skill level 5 in Fighting
  3104 | D:4      | Reached XP level 6. HP: 23/56 MP: 5/7
  3330 | D:4      | Found a hide-covered altar of Uskayaw.
  4316 | D:5      | Entered Level 5 of the Dungeon
  4384 | D:5      | Noticed a necrophage
  4411 | D:4      | Reached XP level 7. HP: 62/62 MP: 8/8
  4578 | D:4      | Reached skill level 7 in Axes
  4759 | D:5      | Reached skill level 5 in Armour
  5265 | D:5      | Reached * piety under Beogh
  5266 | D:5      | Reached skill level 8 in Axes
  5604 | D:6      | Reached XP level 8. HP: 70/70 MP: 10/10
  6180 | D:6      | Reached skill level 5 in Shields
  6797 | D:6      | Reached skill level 9 in Axes
  7350 | D:7      | Reached skill level 10 in Axes
  7357 | D:7      | Identified a scroll of acquirement
  7357 | D:7      | Acquired 838 gold pieces
  7489 | D:7      | Noticed Prince Ribbit
  7529 | D:7      | Killed Prince Ribbit
  7530 | D:7      | Reached XP level 9. HP: 46/81 MP: 12/12
  7564 | D:7      | HP: 2/81 [poisoned by a kobold brigand (curare-tipped
                  | dart)]
  7565 | D:6      | Succumbed to a kobold brigand's curare-tipped dart

Illustrated notes

Levels and vault maps discovered:
D:1:      dpeg_arrival_round_a, layout_loops_ring,
          dreamdust_ecumenical_altar_drowned_temple, minmay_pentomino_w4
D:2:      layout_loops_corners, dk_noncrumbling_2, minmay_small_reverse_x,
          uniq_crazy_yiuf_cottage, uniq_robin, uniq_jessica
D:3:      layout_rooms, marbit_many_paths, uniq_grinder
D:4:      layout_loops_corners, nicolae_uskayaw_en_pointe
D:5:      layout_gridville, kennysheep_donut
D:6:      layout_rooms
D:7:      kennysheep_seaside_town, layout_loops_cross,
          mainiacjoe_overflow_tiny_flanked, mainiacjoe_overflow_catwalk_spiral,
          temple_statues, uniq_prince_ribbit1

Skill      XL: |  1  2  3  4  5  6  7  8 |
---------------+-------------------------+-----
Axes           | 3 4 6 8 10 | 10.6
Shields        | 4 5 |  5.0
Fighting       | 5 6 8 |  8.0
Invocations    | 2 4 |  4.0
Armour         | 4 5 |  5.0

Action                   |  1- 3 |  4- 6 |  7- 9 || total
-------------------------+-------+-------+-------++-------
Melee: War axe           |    91 |    55 |    21 ||   167
       Dagger            |       |    74 |   209 ||   283
 Fire: Hunting sling     |       |     8 |    65 ||    73
Throw: Dart              |       |     5 |     5 ||    10
Invok: Convert to Beogh  |       |     1 |       ||     1
  Use: Scroll            |       |     6 |     8 ||    14
       Potion            |       |       |     3 ||     3
Armor: Scale mail        |    53 |    61 |       ||   114
       Plate armour      |       |    10 |   144 ||   154
Dodge: Dodged            |    33 |    59 |   112 ||   204
Block: Buckler           |    32 |    23 |    60 ||   115
